 Dungeon Sprint DCSS version 0.24.0-1-gfbc8707 (webtiles) character file.

Game seed: 3672291874520021385, levelgen mode: deterministic

28002 Fang the Warrior (level 13, -2/154 HPs)
             Began as a Gargoyle Berserker on Nov 1, 2019.
             Was the Champion of Trog.
             Slain by a fire dragon (5 damage)
             ... in the Dungeon (Sprint V: "Ziggurat Sprint").
             The game lasted 00:04:57 (1456 turns).

Fang the Warrior (Gargoyle Berserker)               Turns: 1456, Time: 00:04:58

Health: -2/154     AC: 52    Str: 37    XL:     13   Next: 36%
Magic:  13/13      EV:  7    Int: 10    God:    Trog [******]
Gold:   0          SH: 27    Dex: 10    Spells: 12/12 levels left

rFire    . . .     SeeInvis .   a - +5 broad axe (protect)
rCold    + . .     Gourm    .   E - +18 shield of the Gong {rElec rN+ MR+ EV-5}
rNeg     + + .     Faith    .   b - +15 Maxwell's patent armour {-Cast -Tele rElec MR+ rCorr}
rPois    ∞         Spirit   .   (no helmet)
rElec    +         Reflect  .   z - scarf {cloud immunity}
rCorr    +         Harm     .   (no gloves)
MR       ++...     NoTele   +   B - +1 pair of boots {Fly} Stlth ..........NoCast +
                                (no amulet)
HPRegen  0.35/turn              D - +6 ring of strength
MPRegen  0.13/turn              F - ring of the Octopus King {rC+ AC+1 EV+1 Str+1 Int+1 Dex+1}

@: berserking (expiring), protection aura, flying, studying 2 skills, very quick
A: negative energy resistance 1, electricity resistance, unbreathing,
petrification resistance, rot immunity, AC +9
a: Berserk, Trog's Hand, Brothers in Arms, Renounce Religion, Stop Flying


You were in the Dungeon.
You worshipped Trog.
Trog was exalted by your worship.
You were very hungry.

You visited 1 branch

Inventory:

Hand Weapons
 a - a +5 broad axe of protection (weapon)
 A - the cursed +2 battleaxe of Symmetry {venom, Str+4 Int+2}
   (You found it in the Dungeon)

   It poisons the flesh of those it strikes.
   It affects your strength (+4).
   It affects your intelligence (+2).
   It has a curse placed upon it.
 H - the +7 battleaxe of the Valley of Death {distort, rN+ Str+7 Stlth-}
   (Trog gifted it to you in the Dungeon)

   It warps and distorts space around it.
   Unwielding it can cause banishment or high damage.
   It affects your strength (+7).
   It protects you from negative energy.
   It makes you less stealthy.
Armour
 b - the +15 Maxwell's patent armour (worn) {-Cast -Tele rElec MR+ rCorr}
   (You found it in the Dungeon)

   It insulates you from electricity.
   It affects your resistance to hostile enchantments.
   It prevents spellcasting.
   It prevents most forms of teleportation.
   It provides partial protection from all sources of acid and corrosion.
 z - a scarf of cloud immunity (worn)
 B - a +1 pair of boots of flying (worn)
 E - the +18 shield of the Gong (worn) {rElec rN+ MR+ EV-5}
   (You found it in the Dungeon)

   It affects your evasion (-5).
   It insulates you from electricity.
   It protects you from negative energy.
   It affects your resistance to hostile enchantments.
 K - the +1 pair of boots of the Aged Allies {*Corrode rF+ MR++ Dex-5}
   (You found it in the Dungeon)

   It affects your dexterity (-5).
   It protects you from fire.
   It affects your resistance to hostile enchantments.
   It may corrode you when you take damage.
Jewellery
 x - the cursed ring of Houtaf {Dex-6 Slay+2}
   (You found it in the Dungeon)

   [ring of dexterity]

   It affects your dexterity (-6).
   It affects your accuracy and damage with ranged weapons and melee attacks
   (+2).
   It has a curse placed upon it.
 y - an uncursed ring of see invisible
 C - a +6 ring of strength
 D - a +6 ring of strength (left hand)
 F - a ring of the Octopus King (right hand) {rC+ AC+1 EV+1 Str+1 Int+1 Dex+1}
   (You found it in the Dungeon)

   [ring of protection from cold]

   It affects your AC (+1).
   It affects your evasion (+1).
   It affects your strength (+1).
   It affects your intelligence (+1).
   It affects your dexterity (+1).
   It protects you from cold.
 G - an uncursed ring of fire
 I - the ring "Gaunith" {+Fly rF+ rN+ Int+4}
   (You took it off a deep elf mage in the Dungeon)

   [ring of flight]

   It affects your intelligence (+4).
   It protects you from fire.
   It protects you from negative energy.
   It lets you fly.
 J - an uncursed amulet of magic regeneration
 M - an uncursed ring of magical power
 O - an uncursed amulet of guardian spirit
Wands
 u - a wand of disintegration (7)
 v - a wand of iceblast (7)
 w - a wand of acid (7)
Scrolls
 i - 4 scrolls of blinking
 j - 7 scrolls of fog
 k - a scroll of holy word
 l - 4 scrolls of identify
 m - 5 scrolls of remove curse
 n - 2 scrolls of fear
Potions
 d - 10 potions of curing
 e - 18 potions of heal wounds
 f - 6 potions of haste
 g - 7 potions of magic
 h - 3 potions of berserk rage
 o - 2 potions of brilliance
 p - 2 potions of invisibility
 q - 4 potions of resistance
 r - a potion of experience
 s - 6 potions of agility
 t - 5 potions of might
Books
 L - a manual of Shields
 N - a manual of Fighting
Comestibles
 c - 7 rations


   Skills:
 * Level 20.9 Fighting
 * Level 17.4 Axes
 + Level 16.1 Armour
 + Level 12.8 Dodging


You had 12 spell levels left.
You didn't know any spells.
Your spell library was empty.

Dungeon Overview and Level Annotations

Branches:
Dungeon (1/1)

Altars:
Ashenzari
Cheibriados
Dithmenos
Elyvilon
Fedhas
Gozag
Hepliaklqana
Kikubaaqudgha
Makhleb
Nemelex Xobeh
Okawaru
Qazlal
Ru
Sif Muna
Trog
Uskayaw
Vehumet
Wu Jian
Xom
Yredelemnul
Zin
The Shining One
Beogh
Jiyva
Lugonu


Innate Abilities, Weirdness & Mutations

You are resistant to torment.
Your stone body is resilient. (AC +9)
You are immune to poison.
You resist negative energy. (rN+)
You are resistant to electric shocks. (rElec)
You can survive without breathing.
You are immune to petrification.
You are immune to rotting.


Message History

BONNNG!
You block the efreet's attack.
PTOANNNG!
The fire dragon is engulfed in blazing flames.
You slice the fire dragon!!
The fire dragon is heavily wounded.
Your shield and Maxwell's patent armour prevent you from hitting the fire dragon.
You slash the efreet! You slice the efreet!!
You feel the power of Trog in you as your rage grows.
You kill the efreet!
Trog accepts your kill. You block the fire dragon's attack.
PANG!
The fire dragon claws you but does no damage.
The fire dragon tramples you but does no damage.
You slice the fire dragon!!
The fire dragon is almost dead.
Your shield and Maxwell's patent armour prevent you from hitting the efreet.
You closely miss the fire dragon. The fire dragon bites you.
You die...

▓.8©8.▓.8©8
▓..))}?:|=..▓▓.[)}.▓.:).
▓..:.|=}::..▓▓..)..▓....
▓...........▓▓.....▓.)(.
▓...........▓▓.....▓.((.
▓...........▓▓..÷..▓..(†
▓.....°°°...▓▓..©..▓).©.
▓.....)RD...▓▓▓▓▓▓▓▓▓▓▓▓
▓..▓..)@D▓..▓..8©8...▓..
▓.....†.....▓..)})...▓..
▓...v.©.....▓........▓..
▓▓▓▓▓▓▓▓▓▓▓▓▓........▓..
▓....8©8....▓..).....▓..
▓..:|:}..)..▓.▓....▓.▓..
▓...:|.))|..▓...©....▓..
▓...........▓▓▓▓▓▓▓▓▓▓▓▓
▓...........▓...8©8...▓.


You could see 2 fire dragons, an efreet and a fire vortex.

Vanquished Creatures
  A bone dragon (D)
  A deep elf blademaster (D)
  2 fire giants (D)
  A ghost moth (D)
  5 fire dragons (D)
  3 hell hogs (D)
  5 deep elf archers (D)
  2 wolf spiders (D)
  5 deep elf magi (D)
  2 orb spiders (D)
  A moth of wrath (D)
  A cyclops (D)
  A naga mage (D)
  A demonic crawler (D)
  3 efreet (D)
  4 red devils (D)
  7 merfolk (D)
  A jumping spider (D)
  4 hornets (D)
  A wind drake (shapeshifter) (D)
  3 hippogriffs (D)
  A yak (D)
  A tarantella (D)
  2 wraiths (D)
  2 fire elementals (D)
  A water elemental (D)
  A naga (D)
  6 hell hounds (D)
  An eye of draining (D)
  A phantom (D)
  A wolf (D)
  4 centaurs (D)
  A wight (D)
  2 small abominations (D)
  3 crimson imps (D)
  A jelly (D)
  2 quasits (D)
  2 iron imps (D)
  3 adders (D)
  5 shadow imps (D)
  4 white imps (D)
  An ufetubus (D)
  A ball python (D)
  2 bat skeletons (D)
  A bat zombie (D)
  2 jackals (D)
  A jackal skeleton (D)
  A leopard gecko zombie (D)
  A quokka skeleton (D)
  2 fire vortices (D)
110 creatures vanquished.

Vanquished Creatures (others)
  A spatial maelstrom (D)
1 creature vanquished.

Grand Total: 111 creatures vanquished

Notes
Turn   | Place    | Note
-------+----------+-------------------------------------------
     0 | D        | Fang the Gargoyle Berserker began the quest for the Orb.
     0 | D        | Reached XP level 1. HP: 14/14 MP: 1/1
     6 | D        | Found a blossoming altar of Fedhas.
     7 | D        | Found the +6 Majin-Bo {vamp, Archmagi MP+6 Int+6}
     7 | D        | Found the +7 great mace "Firestarter" {inner flame, rF++}
     7 | D        | Found a transporter.
     7 | D        | Found a viscous altar of Jiyva.
     7 | D        | Found an ancient bone altar of Kikubaaqudgha.
     7 | D        | Found a hazy altar of Hepliaklqana.
     7 | D        | Found a corrupted altar of Lugonu.
     7 | D        | Found an opulent altar of Gozag.
     7 | D        | Found a burning altar of Makhleb.
    11 | D        | Found a stormy altar of Qazlal.
    11 | D        | Found an iron altar of Okawaru.
    11 | D        | Found a sacrificial altar of Ru.
    11 | D        | Found a sparkling altar of Nemelex Xobeh.
    11 | D        | Found a shimmering blue altar of Sif Muna.
    11 | D        | Found a bloodstained altar of Trog.
    18 | D        | Found the +9 heavy crossbow "Sniper" {velocity, Acc+∞ SInv}
    18 | D        | Found the +10 dark maul {crush}
    18 | D        | Found the +15 Maxwell's patent armour {-Cast -Tele rElec
                  | MR+ rCorr}
    18 | D        | Found the +18 shield of the Gong {rElec rN+ MR+ EV-5}
    18 | D        | Found the cursed +14 obsidian axe {chop, +Fly SInv *Curse}
    23 | D        | Banished a spatial maelstrom
    93 | D        | Entered arena 2.
    93 | D        | Noticed an eye of draining
    93 | D        | Noticed a jelly
    93 | D        | Found a transporter.
    96 | D        | Killed a jelly
    96 | D        | Reached skill level 4 in Fighting
    96 | D        | Reached XP level 2. HP: 20/20 MP: 0/2
    96 | D        | Reached XP level 3. HP: 24/24 MP: 0/3
    98 | D        | Killed an eye of draining
    98 | D        | Reached skill level 6 in Fighting
    98 | D        | Reached skill level 5 in Axes
    98 | D        | Reached skill level 5 in Armour
    98 | D        | Reached XP level 4. HP: 32/32 MP: 0/4
    98 | D        | Reached XP level 5. HP: 36/36 MP: 0/5
   104 | D        | Got the cursed ring of Houtaf {Dex-6 Slay+2}
   136 | D        | Entered arena 3.
   136 | D        | Noticed a deep elf mage
   136 | D        | Noticed a deep elf archer
   136 | D        | Noticed a yak
   136 | D        | Found a transporter.
   140 | D        | Noticed a wind drake
   140 | D        | a yak changed into a wind drake
   147 | D        | Killed a wind drake
   147 | D        | Reached ** piety under Trog
   147 | D        | Reached skill level 7 in Fighting
   147 | D        | Reached skill level 5 in Dodging
   147 | D        | Reached XP level 6. HP: 44/44 MP: 6/6
   155 | D        | Killed a deep elf mage
   155 | D        | Reached skill level 9 in Fighting
   155 | D        | Reached XP level 7. HP: 49/51 MP: 7/7
   159 | D        | Killed a deep elf archer
   159 | D        | Reached *** piety under Trog
   159 | D        | Reached skill level 10 in Fighting
   159 | D        | Reached skill level 10 in Armour
   159 | D        | Reached XP level 8. HP: 45/58 MP: 8/8
   216 | D        | Entered arena 4.
   216 | D        | Noticed a yak
   216 | D        | Found a transporter.
   222 | D        | Killed a yak
   222 | D        | Reached **** piety under Trog
   222 | D        | Received a gift from Trog
   232 | D        | Entered arena 5.
   232 | D        | Found a transporter.
   233 | D        | Identified the +10 dagger of the Magic Mushroom {elec,
                  | Dex+7}
   236 | D        | Reached skill level 11 in Fighting
   248 | D        | Entered arena 6.
   248 | D        | Found a transporter.
   252 | D        | Reached ***** piety under Trog
   261 | D        | Entered arena 7.
   261 | D        | Noticed a naga mage
   262 | D        | Found the +7 lajatang of Order {silver, rMut}
   262 | D        | Found a transporter.
   266 | D        | Reached XP level 9. HP: 64/64 MP: 9/9
   268 | D        | Killed a naga mage
   268 | D        | Received a gift from Trog
   268 | D        | Reached skill level 10 in Axes
   269 | D        | Reached skill level 12 in Fighting
   302 | D        | Entered arena 8.
   302 | D        | Noticed a merfolk
   302 | D        | Noticed a merfolk
   302 | D        | Noticed a cyclops
   302 | D        | Noticed a merfolk
   304 | D        | Found a transporter.
   309 | D        | Killed a cyclops
   310 | D        | Killed a merfolk
   310 | D        | Reached ****** piety under Trog
   312 | D        | Killed a merfolk
   312 | D        | Reached skill level 13 in Fighting
   315 | D        | Killed a merfolk
   315 | D        | Received a gift from Trog
   315 | D        | Reached XP level 10. HP: 73/73 MP: 10/10
   370 | D        | Entered arena 9.
   370 | D        | Noticed a bone dragon
   371 | D        | Identified the +5 hand axe of Emnueled {chop, Stlth+}
   371 | D        | Found a transporter.
   390 | D        | Killed a bone dragon
   390 | D        | Reached skill level 14 in Fighting
   390 | D        | Reached skill level 10 in Dodging
   428 | D        | Got the cursed +2 battleaxe of Symmetry {venom, Str+4
                  | Int+2}
   484 | D        | Entered arena 10.
   485 | D        | Found the ring of the Octopus King {rC+ AC+1 EV+1 Str+1
                  | Int+1 Dex+1}
   485 | D        | Found a transporter.
   488 | D        | Received a gift from Trog
   490 | D        | Reached skill level 15 in Fighting
   504 | D        | Got a ring of the Octopus King {rC+ AC+1 EV+1 Str+1 Int+1
                  | Dex+1}
   510 | D        | Entered arena 11.
   511 | D        | Found a transporter.
   517 | D        | Received a gift from Trog
   517 | D        | Reached XP level 11. HP: 73/81 MP: 11/11
   543 | D        | Received a gift from Trog
   583 | D        | Got a warped battleaxe {god gift}
   584 | D        | Identified the +7 battleaxe of the Valley of Death
                  | {distort, rN+ Str+7 Stlth-} (Trog gifted it to you in the
                  | Dungeon)
   667 | D        | Entered arena 12.
   667 | D        | Noticed a deep elf mage
   667 | D        | Noticed a deep elf blademaster
   667 | D        | Noticed a deep elf archer
   667 | D        | Noticed a deep elf mage
   667 | D        | Noticed a deep elf archer
   668 | D        | Noticed a deep elf archer
   668 | D        | Identified the +8 dagger "Camyiv" {pierce, rC+ MR+}
   668 | D        | Identified the ring "Gaunith" {+Fly rF+ rN+ Int+4}
   668 | D        | Noticed a deep elf mage
   668 | D        | Identified the +9 long sword of Dust {slice, SInv}
   668 | D        | Noticed a deep elf mage
   669 | D        | Noticed a deep elf archer
   670 | D        | Found a transporter.
   678 | D        | Killed a deep elf mage
   678 | D        | Killed a deep elf archer
   678 | D        | Received a gift from Trog
   678 | D        | Reached skill level 16 in Fighting
   681 | D        | Killed a deep elf archer
   683 | D        | Killed a deep elf mage
   686 | D        | Killed a deep elf mage
   691 | D        | Killed a deep elf mage
   691 | D        | Received a gift from Trog
   692 | D        | Killed a deep elf blademaster
   692 | D        | Reached skill level 17 in Fighting
   698 | D        | Killed a deep elf archer
   703 | D        | Killed a deep elf archer
   703 | D        | Received a gift from Trog
   703 | D        | Reached XP level 12. HP: 82/91 MP: 12/12
   726 | D        | Got the +1 pair of boots of the Aged Allies {*Corrode rF+
                  | MR++ Dex-5}
   753 | D        | Entered arena 13.
   753 | D        | Noticed a hell hog
   753 | D        | Noticed a fire dragon
   753 | D        | Noticed a fire dragon
   753 | D        | Noticed a fire dragon
   754 | D        | Noticed a hell hog
   757 | D        | Found a transporter.
   760 | D        | Killed a hell hog
   760 | D        | Reached skill level 15 in Axes
   764 | D        | Killed a hell hog
   764 | D        | Received a gift from Trog
   766 | D        | Killed a fire dragon
   770 | D        | Killed a fire dragon
   770 | D        | Reached skill level 18 in Fighting
   774 | D        | Killed a fire dragon
  1020 | D        | Entered arena 14.
  1025 | D        | Received a gift from Trog
  1035 | D        | Found a transporter.
  1039 | D        | Received a gift from Trog
  1056 | D        | Reached skill level 15 in Armour
  1097 | D        | Entered arena 15.
  1107 | D        | Received a gift from Trog
  1114 | D        | Received a gift from Trog
  1116 | D        | Reached skill level 19 in Fighting
  1117 | D        | Found a transporter.
  1123 | D        | Killed a ghost moth
  1154 | D        | Reached XP level 13. HP: 55/100 MP: 5/13
  1435 | D        | Entered arena 16.
  1435 | D        | Noticed a fire giant
  1435 | D        | Noticed a fire giant
  1435 | D        | Noticed a fire dragon
  1436 | D        | Noticed a fire dragon
  1437 | D        | Noticed a fire dragon
  1437 | D        | Noticed a fire dragon
  1437 | D        | Identified the ring "Peoceha" {rC- rN+ AC+2 Int+5}
  1446 | D        | Killed a fire giant
  1448 | D        | HP: 1/151 [efreet/bolt of fire (9)]
  1449 | D        | Received a gift from Trog
  1449 | D        | Reached skill level 20 in Fighting
  1450 | D        | Killed a fire dragon
  1453 | D        | Killed a fire dragon
  1454 | D        | Killed a fire giant
  1454 | D        | Received a gift from Trog
  1456 | D        | Slain by a fire dragon

Levels and vault maps discovered:
D:        sprint_v [room_start, room_1, room_2, room_3, room_4, room_5, room_6,
          room_7, room_8, room_9, room_10, room_11, room_12, room_13, room_14,
          room_15, room_16, room_17, room_18, room_19, room_20, room_21,
          room_22, room_23, room_24, room_25, room_26, room_27]

Skill      XL: |  1  2  3  4  5  6  7  8  9 10 11 12 13 |
---------------+----------------------------------------+-----
Fighting       | 4 6 7 9 10 11 13 15 17 19 20 | 20.9
Axes           | 3 5 6 8 9 11 13 14 16 17 | 17.4
Armour         | 3 5 7 9 10 11 12 14 15 16 | 16.1
Dodging        | 2 4 5 7 8 9 10 11 12 | 12.8

Action                   |  1- 3 |  4- 6 |  7- 9 | 10-12 | 13-15 || total
-------------------------+-------+-------+-------+-------+-------++-------
Melee: Broad axe         |     4 |    14 |    38 |   151 |    18 ||   225
Invok: Berserk           |     1 |     1 |     1 |     5 |     1 ||     9
       Trog's Hand       |       |       |       |     2 |       ||     2
  Use: Scroll            |       |       |     1 |     2 |       ||     3
 Stab: Distracted        |       |       |       |     1 |       ||     1
  Eat: Chunk             |       |       |       |     8 |     2 ||    10
Armor: Plate armour      |     1 |     6 |    29 |   132 |    13 ||   181
Dodge: Dodged            |       |       |    12 |    42 |     5 ||    59
Block: Shield            |       |    12 |    69 |   288 |    18 ||   387
